 Dungeon Crawl Stone Soup version 0.16.2-12-gd0ad4c3 (webtiles) character file.

547029 rlgrobin the Cloud Mage (level 24, -19/120 HPs)
             Began as a Spriggan Enchanter on Sept 2, 2016.
             Was an Initiate of Gozag.
             Demolished by an Orb Guardian (24 damage)
             ... on level 5 of the Realm of Zot on Sept 3, 2016.
             The game lasted 07:37:17 (85526 turns).

rlgrobin the Cloud Mage (Spriggan Enchanter)       Turns: 85526, Time: 07:37:17

Health: -19/120    AC: 12    Str:  4    XL:     24   Next: 33%
Magic:  29/47      EV: 40    Int: 34    God:    Gozag
Gold:   2274       SH: 11    Dex: 19    Spells: 11 memorised, 18 levels left

rFire  + + .     SeeInvis +     L - +8 rapier (elec)
rCold  + + .     Rnd*Rage +     x - +2 robe {Archmagi}
rNeg   . . .     SustAb   .     q - +3 buckler {reflect}
rPois  +         Gourm    .     o - +2 hat {MR+}
rElec  .         Spirit   .     Y - +1 cloak {MR+}
rCorr  +         Warding  .     (gloves unavailable)
rMut   .         Stasis   .     (boots unavailable)
MR     +++++                    z - amulet of Temperance {rCorr rF+ Int+3}
Stlth  +++++++++.               I - ring "Qachuer" {rC++ Dex+3}
                                A - ring "Daosa" {rPois rF+ Int+4}

@: phasing, studying 2 skills, deflect missiles, very quick, almost entirely
resistant to hostile enchantments, incredibly stealthy
A: unfitting armour, rough black scales 1, see invisible, berserk 1, herbivore
3, speed 3, slow metabolism 2
a: Potion Petition, Call Merchant, Bribe Branch, Renounce Religion
}: 4/15 runes: serpentine, barnacled, silver, abyssal


You were on level 5 of the Realm of Zot.
You worshipped Gozag.
Gozag was noncommittal.
You were very full.

You visited 9 branches of the dungeon, and saw 53 of its levels.
You visited the Abyss 1 time.
You also visited: Labyrinth and Ice Cave.

You collected 27407 gold pieces.
You spent 9693 gold pieces at shops.
You paid 15440 gold pieces to Gozag.

Inventory:

Hand weapons
 L - a +8 rapier of electrocution (weapon)
Missiles
 w - 871 stones (quivered)
 E - 7 throwing nets
Armour
 o - a +2 hat of magic resistance (worn)
 q - a +3 buckler of reflection (worn)
 x - a +2 robe of the Archmagi (worn)
 Y - a +1 cloak of magic resistance (worn)
Jewellery
 p - a +5 ring of protection
 r - an uncursed ring of stealth
 z - the amulet of Temperance (around neck) {rCorr rF+ Int+3}
   (You bought it in a shop on level 1 of the Vaults)

   [amulet of resist corrosion]

   It protects you from acid and corrosion.
   It affects your intelligence (+3).
   It protects you from fire.
 A - the ring "Daosa" (left hand) {rPois rF+ Int+4}
   (You bought it in a shop on level 2 of the Depths)

   [ring of poison resistance]

   It affects your intelligence (+4).
   It protects you from fire.
   It protects you from poison.
 I - the ring "Qachuer" (right hand) {rC++ Dex+3}
   (You took it off a frost giant in an ice cave)

   [ring of dexterity]

   It affects your dexterity (+3).
   It greatly protects you from cold.
 P - an uncursed ring of flight
 S - an uncursed ring of teleport control
 T - a cursed ring of sustain abilities
Magical devices
 a - a wand of disintegration (17)
 c - a wand of heal wounds (7)
 y - a wand of hasting (9)
 B - a wand of teleportation (7)
 J - a wand of frost (29)
 K - a wand of disintegration (12)
 M - a wand of teleportation (2)
 U - a wand of disintegration (8)
 V - a wand of digging (9)
Scrolls
 d - 3 scrolls of holy word
 f - 15 scrolls of identify
 h - 2 scrolls of fog
 j - 12 scrolls of remove curse
 l - 4 scrolls of blinking
 m - 9 scrolls of teleportation
 Q - 7 scrolls of magic mapping
 R - 3 scrolls of recharging
Potions
 b - 5 potions of heal wounds
 g - 11 potions of restore abilities
 i - 4 potions of resistance
 s - 6 potions of agility
 t - 9 potions of curing
 v - 3 potions of might
 C - a potion of magic
 D - 4 potions of haste
 H - 6 potions of brilliance
 N - 4 potions of cancellation
Books
 u - a manual of Translocations
 F - a manual of Summonings
Miscellaneous
 k - a phantom mirror
Comestibles
 e - 21 bread rations
 O - 8 slices of pizza


   Skills:
 - Level 10.0 Fighting
 - Level 12.0 Short Blades
 - Level 15.0 Dodging
 - Level 20.3 Stealth
 - Level 7.6 Shields
 - Level 20.0 Spellcasting
 - Level 15.2 Hexes
 - Level 12.9 Charms
 - Level 5.4 Summonings
 - Level 12.8 Translocations
 + Level 22.8 Air Magic
 - Level 4.5 Poison Magic
 - Level 10.5 Evocations


You had 18 spell levels left.
You knew the following spells:

 Your Spells              Type           Power        Failure   Level  Hunger
a - Confuse               Hex            ########     0%          3    None
b - Blink                 Tloc           N/A          0%          2    None
c - Summon Mana Viper     Hex/Summ       ########     1%          5    None
d - Deflect Missiles      Chrm/Air       ########..   1%          6    None
e - Abjuration            Summ           #######...   1%          3    None
f - Phase Shift           Tloc           ########..   1%          5    None
g - Tornado               Air            ########..   12%         9    ######.
h - Haste                 Chrm           ########     1%          6    None
k - Apportation           Tloc           ########..   0%          1    None
r - Regeneration          Chrm/Necr      #######...   1%          3    None
x - Cure Poison           Pois           #######...   1%          2    None


Dungeon Overview and Level Annotations

Branches:
Dungeon (15/15)            Temple (1/1) D:7            Lair (8/8) D:8
 Shoals (5/5) Lair:4        Snake (5/5) Lair:5        Slime (0/6) Lair:6
    Orc (4/4) D:10            Elf (0/3) Orc:4        Vaults (5/5) D:13
  Crypt (0/3) Vaults:2     Depths (5/5) D:15            Zot (5/5) Depths:5

Altars:
Ashenzari
Cheibriados
Dithmenos
Elyvilon
Fedhas
Gozag
Kikubaaqudgha
Makhleb
Nemelex Xobeh
Okawaru
Ru
Sif Muna
Trog
Vehumet
Xom
Yredelemnul
Zin
The Shining One

Shops:
D:9 (   D:10 }   D:14 [   D:15 (   Orc:2 [[=   Orc:4 *:::   Snake:3 *
Vaults:1 }:[=*   Vaults:2 %   Vaults:3 =   Vaults:4 ?   Zot:2 ?   Depths:2 =
Depths:3 [   Depths:4 *   Depths:5 !

Portals:
Hell: Depths:1 Depths:2 Depths:3 Depths:4 Depths:5
Abyss: Depths:4
Pandemonium: Depths:3 Depths:4 Depths:5
Ziggurat: Depths:3

Annotations:
D:3 rlgrobin's ghost, average FoFi
Snake:3 exclusion: oklob plant, Roxanne
Vaults:2 Jorgrun; Mennas
Vaults:5 Jory; Margery
Zot:5 exclusion: obsidian statue


Innate Abilities, Weirdness & Mutations

You are tiny and cannot use many weapons and most armour.
You have supernaturally acute eyesight.
You are a herbivore.
You cover ground extremely quickly.
You need consume almost no food.
You are partially covered in rough black scales (AC +4, Dex -1).
You tend to lose your temper in combat.


Message History

The Orb Guardian hits you!!! The Orb Guardian misses you.
Your mana viper bites the Orb Guardian but does no damage.
Unknown command.
The Orb Guardian hits your mana viper!
The Orb Guardian hits your mana viper!!!
Your mana viper dies!
Your mana viper closely misses the Orb Guardian.
You hear a distant blaring wail to the north.
The moth of wrath angrily waves its antennae.
Casting: Phase Shift
Confirm with . or Enter, or press ? or * to list all spells.
You feel a surge of power!
A powerful magic prevents control of your teleportation.
You blink.
You block the Orb Guardian's attack. The Orb Guardian hits you!!!
* * * LOW HITPOINT WARNING * * *
The Orb Guardian completely misses you.
Your mana viper bites the moth of wrath!
You block the moth of wrath's attack. The Orb Guardian hits you!!
You die...
Your body crumbles into a pile of gold.

##......%.......**
▓▓###############*
...8.##...#
.....8....#
...).#.##.###
.......##...#
.....##..##.########
.....##8.##........#
.......##.......@X.#
#....#.##.#....SyX§#
##.....#####.#######
.####### #.#
.)##########.#####
⌠)⌠##............#
#'###.X.....####.#
....X.......# #.#
...##.......## #.#


You could see 2 Orb Guardians, a moth of wrath and a friendly mana viper.

Vanquished Creatures
  Boris (Vaults:5)
  Norris (Snake:5)
  Saint Roka (Snake:3)
  A curse toe (Zot:3)
  A bone dragon (Depths:5)
  2 electric golems
  3 tentacled monstrosities
  3 liches
  A titan (Vaults:5)
  3 Orb Guardians
  2 quicksilver dragons
  A kraken (Shoals:5)
  3 sphinxes
  2 octopode crushers
  A tentacled starspawn (Abyss:3)
  7 storm dragons
  2 tengu reavers
  The ghost of magipi the Severer, a mighty DDGl of Makhleb (Vaults:1)
  5 shadow dragons
  2 draconian monks
  A deep elf sorcerer (Depths:4)
  2 greater nagas (Snake:5)
  10 vault wardens
  2 iron dragons
  10 frost giants
  3 ghost moths
  4 emperor scorpions
  A draconian knight (Zot:1)
  2 draconian zealots
  A draconian scorcher (Zot:1)
  A reaper (Depths:4)
  2 orc warlords
  9 fire giants
  2 war gargoyles (Vaults:5)
  2 draconian annihilators
  8 ironheart preservers
  4 draconian shifters
  9 very ugly things
  A caustic shrike skeleton (Depths:2)
  21 stone giants
  A salamander firebrand (Depths:4)
  The ghost of Sapher the Cleaver, a powerful DDGl of Makhleb (Depths:3)
  5 grey draconians
  4 black draconians
  4 dire elephants (Depths:2)
  4 green draconians
  4 mottled draconians
  4 red draconians
  3 yellow draconians
  The ghost of rlgrobin the Severer, a powerful MiFi of Okawaru (Orc:4)
  4 pale draconians
  3 purple draconians
  4 white draconians
  A merfolk javelineer (Depths:1)
  33 vault guards
  13 fire dragons
  5 merfolk impalers
  A deep elf death mage (Vaults:5)
  12 yaktaur captains
  11 ettins
  A quicksilver dragon zombie (D:15)
  A minotaur (Lab)
  Fannar (Lair:4)
  10 hydras
  Harold (Lair:2)
  6 death cobs
  5 great orbs of eyes
  7 rakshasas
  2 catoblepae
  13 ice dragons
  17 naga warriors
  12 centaur warriors
  2 spriggan air magi (Depths:5)
  A merfolk aquamancer (Shoals:5)
  8 anacondas
  A satyr (Shoals:2)
  An anaconda (shapeshifter) (Depths:1)
  6 deep troll earth magi
  A merfolk avatar (Shoals:1)
  6 ogre magi
  2 tengu warriors
  A thrashing horror (Abyss:3)
  36 death yaks
  2 alligator snapping turtles (Shoals:5)
  A dancing weapon (Vaults:5)
  A spriggan berserker (Depths:5)
  8 deep troll shamans
  18 naga sharpshooters
  2 sun demons (Depths:1)
  2 vampire magi
  A fire crab (shapeshifter) (Vaults:1)
  4 orc high priests (Orc:4)
  4 fire crabs
  26 deep trolls
  3 shadow wraiths
  16 skeletal warriors
  8 deep elf knights
  7 hell knights
  3 shock serpents
  An infernal demonspawn (Depths:4)
  2 iron trolls
  An ice devil (Depths:4)
  A sea snake (shapeshifter) (Depths:1)
  7 salamander mystics
  15 sea snakes
  3 wizards (Depths:4)
  A flayed ghost (Vaults:4)
  4 unseen horrors
  8 naga ritualists
  5 giant orange brains
  An ice statue (Depths:3)
  The ghost of Sapher the Chopper, an experienced GrBe of Trog (D:13)
  9 ironbrand convokers
  15 orc knights
  A deep elf summoner (Depths:5)
  5 necromancers
  Pikel (D:7)
  A lindwurm (Lair:8)
  15 hill giants
  3 golden dragon skeletons (Depths:2)
  10 harpies
  6 fauns (Shoals:2)
  2 wolf spiders (Vaults:1)
  19 mana vipers
  7 deep elf conjurers
  6 griffons
  A shadow dragon skeleton (Depths:2)
  2 phantasmal warriors (Vaults:5)
  A tengu skeleton (Depths:2)
  13 slime creatures
  5 cyclopes
  A salamander (shapeshifter) (D:13)
  10 orc sorcerers
  50 ugly things
  An iron dragon skeleton (Depths:2)
  3 elephants (Lair:8)
  25 salamanders
  An oklob plant (Lair:6)
  5 manticores
  A rust devil (Depths:4)
  17 moths of wrath
  9 vault sentinels
  50 black mambas
  An octopode (shapeshifter) (Vaults:3)
  5 sirens
  5 guardian serpents
  3 frost giant skeletons
  22 naga magi
  4 smoke demons (Abyss:3)
  2 gargoyles (Lab)
  5 fire giant skeletons
  6 torpor snails
  2 spriggan zombies (Depths:1)
  4 centaur skeletons
  5 spectral swamp worms (Depths:3)
  4 kobold demonologists
  12 spiny frogs
  An ancient zyme (Abyss:2)
  5 fire drakes
  8 komodo dragons
  2 spriggan skeletons (Depths:2)
  2 yaktaurs (shapeshifter) (Vaults:3)
  35 yaktaurs
  2 deep elf priests
  A guardian mummy (D:15)
  2 fire drakes (shapeshifter)
  A jumping spider (shapeshifter) (Vaults:2)
  A blue devil (Depths:4)
  7 trolls
  A jumping spider (Vaults:4)
  9 two-headed ogres
  A fire vortex (D:14)
  4 freezing wraiths
  A wind drake (Shoals:2)
  6 merfolk
  A hornet zombie (D:15)
  6 boulder beetles
  17 polar bears
  2 raiju (Lair:8)
  A basilisk (Lair:3)
  3 snapping turtles
  7 ravens
  An ice dragon zombie (D:15)
  A slime creature (shapeshifter) (Vaults:4)
  2 vampires
  16 blink frogs
  A snapping turtle (shapeshifter) (Vaults:5)
  A raven (shapeshifter) (Depths:3)
  A wyvern (shapeshifter) (Vaults:5)
  8 flying skulls (Depths:2)
  5 air elementals (Depths:5)
  2 trapdoor spiders
  2 redbacks (Vaults:4)
  An elf skeleton (Depths:2)
  2 wraiths (D:10)
  9 water elementals
  A ynoxinul (Abyss:3)
  A tarantella (shapeshifter) (Vaults:3)
  2 spriggans (Lair:7)
  2 hogs (shapeshifter)
  Grum (D:13)
  16 wargs
  8 deep elf magi
  A neqoxec (Abyss:3)
  9 fire bats
  18 vampire mosquitoes
  23 wolves
  4 shadows
  32 yaks
  5 mottled dragons
  6 hungry ghosts
  3 wyverns
  7 deep elf fighters
  12 hippogriffs
  Edmund (D:4)
  Menkaure (D:7)
  33 water moccasins
  8 hell hounds
  2 ice beasts
  2 soldier ants
  63 nagas
  2 wasps
  A water moccasin (shapeshifter) (D:15)
  2 large abominations (Abyss:3)
  2 phantoms
  15 porcupines
  18 black bears
  33 ogres
  3 sky beasts
  4 necrophages
  19 centaurs
  2 boring beetles
  8 boggarts
  51 orc warriors
  10 crocodiles
  Sigmund (D:4)
  6 big kobolds
  Blork the orc (D:9)
  A brain worm (Abyss:3)
  A wyvern zombie (D:7)
  2 scorpions
  11 killer bees
  4 wyvern skeletons
  14 giant frogs
  6 small abominations (Abyss:3)
  2 troll zombies (D:10)
  11 wights
  2 electric eels (D:13)
  2 lava snakes (D:11)
  10 crimson imps
  A goliath beetle (shapeshifter) (Depths:3)
  19 hounds
  3 jellies
  2 iron imps (Abyss:2)
  2 centaur zombies
  A giant frog zombie (D:13)
  A human zombie (D:10)
  3 quasits
  A giant frog skeleton (D:12)
  12 worker ants
  Natasha (thrice) (D:4)
  11 iguanas
  27 orc wizards
  39 orc priests
  7 hell rats (Lair:6)
  8 sheep
  Jessica (D:5)
  2 human simulacra (D:12)
  2 worker ant zombies
  6 mummies
  25 adders
  6 gnolls
  49 river rats
  5 shadow imps
  A white imp (Depths:3)
  2 worms
  4 ufetubi
  7 giant geckos
  2 oozes
  213 orcs
  A ball python (D:3)
  A bat skeleton (D:4)
  A giant cockroach (D:4)
  13 hobgoblins
  11 jackals
  18 kobolds
  15 bats
  A giant gecko skeleton (D:6)
  A giant gecko zombie (D:7)
  8 giant newts
  A giant spore (D:13)
  24 goblins
  A jackal skeleton (D:4)
  An orc zombie (D:10)
  6 quokkas
  A quokka skeleton (D:10)
  14 rats
  6 ballistomycetes
  A fungus (Lair:4)
  5 plants
2206 creatures vanquished.

Vanquished Creatures (collateral kills)
  A golden dragon (Depths:4)
  Frederick (Vaults:2)
  A bone dragon (Depths:2)
  Nikola (Snake:1)
  2 tentacled monstrosities
  An Orb Guardian (Zot:5)
  An octopode crusher (Depths:2)
  A tentacled starspawn (Abyss:2)
  A shadow dragon (Vaults:5)
  3 storm dragons
  A draconian monk (Zot:1)
  4 greater nagas
  An iron dragon (Vaults:5)
  Aizul (Snake:2)
  2 frost giants
  A balrug (Depths:1)
  2 vault wardens
  A draconian zealot (Zot:2)
  An ironheart preserver (Vaults:3)
  A draconian shifter (Zot:1)
  A draconian annihilator (Depths:5)
  2 stone giants
  A very ugly thing (Depths:5)
  A war gargoyle (Vaults:5)
  A grey draconian (Zot:1)
  2 black draconians
  Azrael (Snake:4)
  A purple draconian (Zot:1)
  A red draconian (Zot:1)
  A pale draconian (Depths:5)
  2 white draconians (Zot:1)
  A deep elf death mage (Vaults:5)
  An ettin (Vaults:2)
  2 vault guards (Vaults:5)
  6 yaktaur captains
  An ogre mage (Vaults:5)
  A great orb of eyes (Depths:5)
  2 ice dragons
  2 rakshasas
  A naga warrior (Snake:5)
  A spriggan air mage (Depths:2)
  3 anacondas
  4 deep troll shamans
  5 deep troll earth magi (Depths:5)
  A dancing weapon (Vaults:5)
  8 death yaks
  A vampire mage (Depths:1)
  2 naga sharpshooters
  A spriggan berserker (Depths:4)
  5 shock serpents
  A thrashing horror (Abyss:2)
  A soul eater (Depths:4)
  An iron troll (Depths:5)
  A salamander mystic (Snake:4)
  A titan skeleton (Depths:2)
  7 skeletal warriors
  3 sea snakes (Snake:5)
  A flayed ghost (Vaults:2)
  A sea snake (shapeshifter) (Vaults:2)
  14 deep trolls
  A giant orange brain (Vaults:3)
  2 harpies (Vaults:3)
  3 orc knights
  A wizard (Depths:4)
  An ironbrand convoker (Vaults:4)
  2 hornets
  4 naga ritualists
  A deep elf conjurer (Vaults:5)
  2 ugly things
  7 mana vipers
  A mana viper (shapeshifter) (Vaults:1)
  A sphinx skeleton (Depths:2)
  A guardian serpent (Snake:3)
  13 black mambas
  An iron dragon skeleton (Depths:2)
  A rust devil (Depths:4)
  A phantasmal warrior (Vaults:5)
  A stone giant skeleton (Depths:2)
  A manticore (D:14)
  2 salamanders (Snake:4)
  A frost giant skeleton (Depths:2)
  A naga mage (Snake:4)
  A smoke demon (Abyss:2)
  12 yaktaurs
  A deep elf priest (Vaults:5)
  10 slime creatures
  2 two-headed ogres (Vaults:5)
  A deep elf mage (Vaults:2)
  A fire dragon zombie (Depths:1)
  4 flying skulls
  A spriggan skeleton (Depths:2)
  An ice dragon skeleton (Depths:1)
  2 fire elementals (Snake:4)
  4 deep elf fighters
  2 yaks (D:14)
  2 vampire mosquitoes
  An elf skeleton (Depths:2)
  A warg (Vaults:3)
  12 nagas
  6 orc warriors
  A hell hound (Snake:4)
  6 water moccasins
  2 ogres (Vaults:5)
  A big kobold (D:14)
  A wyvern skeleton (D:14)
  3 orc priests
  4 orcs
  4 kobolds (D:14)
  A starspawn tentacle (Abyss:2)
257 creatures vanquished.

Vanquished Creatures (others)
  A merfolk javelineer (Depths:2)
  A dancing weapon (Vaults:5)
  127 mana vipers
  A shadow wraith (Vaults:1)
  An ugly thing (Vaults:2)
  5 drowned souls
  A guardian serpent (Snake:5)
  2 yaktaurs
  2 fire vortices (D:11)
  2 yaks (IceCv)
  9 wolves (IceCv)
  A lost soul (Vaults:5)
  A slave (D:7)
  A hound (Lair:8)
  An orc (Orc:3)
  2 giant spores
  2 ballistomycetes (D:13)
  33 fungi
  64 plants
  4 starspawn tentacles
  7 starspawn tentacle segments
  12 toadstools (Lair:7)
280 creatures vanquished.

Grand Total: 2743 creatures vanquished

Notes
Turn   | Place    | Note
--------------------------------------------------------------
     0 | D:1      | rlgrobin, the Spriggan Enchanter, began the quest for the Orb.
     0 | D:1      | Reached XP level 1. HP: 9/9 MP: 4/4
   558 | D:1      | Reached XP level 2. HP: 7/13 MP: 7/7
   846 | D:1      | Learned a level 2 spell: Ensorcelled Hibernation
  1430 | D:2      | Reached XP level 3. HP: 4/16 MP: 1/9
  1624 | D:2      | Noticed a moth of wrath
  1627 | D:2      | Found a bloodstained altar of Trog.
  1949 | D:2      | Reached skill level 5 in Hexes
  2130 | D:3      | Noticed rlgrobin's ghost (average FoFi)
  2254 | D:3      | Reached XP level 4. HP: 17/21 MP: 5/13
  2665 | D:3      | Reached XP level 5. HP: 19/24 MP: 12/18
  2746 | D:3      | Reached skill level 5 in Spellcasting
  3268 | D:3      | Found a sparkling altar of Nemelex Xobeh.
  3498 | D:4      | Reached XP level 6. HP: 24/28 MP: 7/21
  3590 | D:4      | Noticed Sigmund
  3598 | D:4      | Killed Sigmund
  3667 | D:4      | Noticed Edmund
  3702 | D:4      | Killed Edmund
  3702 | D:4      | Reached skill level 6 in Hexes
  4056 | D:4      | Noticed Natasha
  4062 | D:4      | Killed Natasha
  4062 | D:4      | Reached XP level 7. HP: 32/32 MP: 20/23
  4188 | D:4      | Noticed an ogre
  4193 | D:4      | Killed an ogre
  4322 | D:4      | Noticed Natasha
  4328 | D:4      | Killed Natasha
  4480 | D:4      | Noticed Natasha
  4487 | D:4      | Killed Natasha
  4496 | D:5      | Entered Level 5 of the Dungeon
  4504 | D:5      | Reached skill level 7 in Stealth
  4769 | D:5      | Reached skill level 5 in Short Blades
  4928 | D:5      | Found an ancient bone altar of Kikubaaqudgha.
  4932 | D:5      | Found an iron altar of Okawaru.
  4990 | D:5      | Learned a level 3 spell: Confuse
  5006 | D:5      | Noticed Jessica
  5020 | D:5      | Killed Jessica
  5021 | D:5      | Found a deep blue altar of Sif Muna.
  5085 | D:5      | Found a shimmering altar of Xom.
  5264 | D:5      | Reached XP level 8. HP: 36/36 MP: 21/24
  5755 | D:6      | Reached skill level 8 in Spellcasting
  5805 | D:6      | Found a burning altar of Makhleb.
  5805 | D:6      | Noticed a green death
  6266 | D:7      | Reached skill level 9 in Spellcasting
  6279 | D:7      | Reached XP level 9. HP: 27/39 MP: 19/29
  6320 | D:7      | Reached skill level 10 in Spellcasting
  6677 | D:7      | Found a sacrificial altar of Ru.
  7120 | D:7      | Reached skill level 10 in Hexes
  7156 | D:7      | Noticed Pikel
  7164 | D:7      | Killed Pikel
  7164 | D:7      | Reached skill level 11 in Hexes
  7201 | D:7      | Noticed a centaur skeleton
  7218 | D:7      | Killed a centaur skeleton
  7218 | D:7      | Reached XP level 10. HP: 34/44 MP: 18/32
  7324 | D:7      | Noticed Menkaure
  7326 | D:7      | Killed Menkaure
  7344 | D:7      | Found a staircase to the Ecumenical Temple.
  7349 | Temple   | Entered the Ecumenical Temple
  7392 | Temple   | Became a worshipper of Gozag Ym Sagoz the Greedy
  7904 | D:8      | Reached skill level 12 in Hexes
  8302 | D:8      | Found a staircase to the Lair.
  9152 | D:8      | Learned a level 5 spell: Summon Mana Viper
  9238 | D:9      | Found Soat's Antique Weapon Emporium.
  9354 | D:9      | Noticed Blork the orc
  9367 | D:9      | Killed Blork the orc
  9778 | D:10     | Entered Level 10 of the Dungeon
  9830 | D:10     | Found Cribairr's Gadget Shop.
  9861 | D:10     | Noticed an unseen horror
  9870 | D:10     | Killed an unseen horror
  9878 | D:10     | Noticed a hill giant
  9905 | D:10     | Killed a hill giant
 10016 | D:10     | Found a staircase to the Orcish Mines.
 10051 | D:10     | Bought a wand of disintegration (10) for 196 gold pieces
 10053 | D:10     | Identified a +1 rod of ignition (13/13) (You found it on level 6 of the Dungeon)
 10062 | D:10     | Learned a level 4 spell: Cause Fear
 10209 | D:10     | Found a basalt altar of Yredelemnul.
 10258 | D:10     | Reached skill level 13 in Stealth
 10262 | D:10     | Reached XP level 11. HP: 47/47 MP: 27/32
 10309 | D:11     | Noticed a hill giant
 10328 | D:11     | Killed a hill giant
 10443 | D:11     | Noticed a hill giant
 10478 | D:11     | Killed a hill giant
 10557 | D:11     | Noticed a hill giant
 10570 | D:11     | Killed a hill giant
 10570 | D:11     | Reached skill level 1 in Fighting
 11316 | D:12     | Noticed an unseen horror
 11324 | D:12     | Killed an unseen horror
 11324 | D:12     | Reached skill level 5 in Fighting
 12196 | D:13     | Noticed Sapher's ghost (experienced GrBe)
 12216 | D:13     | Killed Sapher's ghost
 12219 | D:13     | Noticed a hill giant
 12240 | D:13     | Killed a hill giant
 12244 | D:13     | Noticed a hill giant
 12248 | D:13     | Killed a hill giant
 12248 | D:13     | Reached XP level 12. HP: 63/63 MP: 24/33
 12252 | D:13     | Found a gate to the Vaults.
 12252 | D:13     | Noticed a vault guard
 12252 | D:13     | Noticed a vault guard
 12252 | D:13     | Noticed a vault guard
 12252 | D:13     | Noticed a vault guard
 12252 | D:13     | Noticed a vault guard
 12253 | D:13     | Noticed a vault guard
 12253 | D:13     | Noticed a vault guard
 12253 | D:13     | Noticed a vault guard
 12447 | D:13     | Noticed a centaur warrior
 12458 | D:13     | Noticed Grum
 12706 | D:13     | Noticed a storm dragon
 12796 | D:13     | Killed a vault guard
 12796 | D:13     | Reached skill level 5 in Dodging
 12813 | D:13     | Killed a vault guard
 12817 | D:13     | Killed a vault guard
 12940 | D:13     | Killed a vault guard
 12954 | D:13     | Killed Grum
 13079 | D:13     | Killed a vault guard
 13079 | D:13     | Reached skill level 10 in Dodging
 13091 | D:13     | Killed a vault guard
 13160 | D:13     | Noticed a skeletal warrior
 13161 | D:13     | Noticed a skeletal warrior
 13185 | D:13     | Killed a skeletal warrior
 13403 | D:9      | Bought a crude lajatang for 480 gold pieces
 13429 | D:9      | Identified the -1 lajatang of Dishonour {holy, MR+} (You bought it in a shop on level 9 of the Dungeon)
 13592 | Lair:1   | Entered Level 1 of the Lair of Beasts
 14388 | Lair:2   | Noticed Harold
 14441 | Lair:2   | Killed Harold
 14859 | Lair:2   | Reached skill level 14 in Dodging
 15296 | Lair:3   | Reached XP level 13. HP: 59/67 MP: 31/34
 15317 | Lair:3   | Found a labyrinth entrance.
 15327 | Lab      | Entered a labyrinth
 15732 | Lab      | Got a scorched sapphire amulet
 15732 | Lab      | Got a twitching copper ring
 15740 | Lair:3   | Learned a level 3 spell: Abjuration
 15741 | Lair:3   | Identified the amulet "Dusto Zouwe" {Stasis rPois rC- Slay+3} (You found it in a labyrinth)
 15745 | Lair:3   | Identified the ring "Peidwees" {rPois rF+ Int-5 Dex+3 SInv} (You found it in a labyrinth)
 15763 | Lair:3   | Learned a level 5 spell: Phase Shift
 15766 | Lair:3   | Noticed a seven-headed hydra
 15776 | Lair:3   | Killed a seven-headed hydra
 15776 | Lair:3   | Reached skill level 15 in Dodging
 16474 | Lair:4   | Found a staircase to the Shoals.
 16724 | Lair:4   | Noticed Fannar
 16748 | Lair:4   | Killed Fannar
 17032 | Lair:4   | Reached skill level 15 in Stealth
 17252 | Lair:5   | Found a frozen archway.
 17260 | IceCv    | Entered an ice cave
 17460 | IceCv    | Reached skill level 16 in Stealth
 17659 | IceCv    | Noticed a frost giant
 17877 | IceCv    | Killed a frost giant
 17879 | IceCv    | Got a sparkling amber ring
 17892 | IceCv    | Got a warped bronze amulet
 17953 | Lair:5   | Reached skill level 17 in Stealth
 18328 | Lair:5   | Identified the ring "Qachuer" {rC++ Dex+3} (You took it off a frost giant in an ice cave)
 18332 | Lair:5   | Identified the amulet "Ylugen" {Spirit rElec MP-9 Dex+4} (You found it in an ice cave)
 18559 | Lair:5   | Found a staircase to the Snake Pit.
 18963 | Lair:6   | Reached skill level 18 in Stealth
 19298 | Lair:6   | Reached XP level 14. HP: 72/72 MP: 10/36
 19326 | Lair:6   | Found a staircase to the Slime Pits.
 19904 | Lair:7   | Learned a level 1 spell: Summon Butterflies
 19906 | Lair:7   | Learned a level 1 spell: Apportation
 19956 | Lair:7   | Learned a level 6 spell: Invisibility
 20918 | Lair:8   | Entered Level 8 of the Lair of Beasts
 21376 | Lair:8   | Reached skill level 1 in Summonings
 22999 | Lair:8   | Reached skill level 15 in Spellcasting
 23581 | Lair:8   | Reached XP level 15. HP: 64/75 MP: 21/39
 24370 | D:13     | Noticed a centaur warrior
 24403 | D:13     | Noticed a skeletal warrior
 24457 | D:13     | Killed a skeletal warrior
 24476 | D:13     | Killed a skeletal warrior
 24574 | D:13     | Noticed a centaur warrior
 24615 | D:13     | Killed a centaur warrior
 24781 | D:13     | Killed a vault guard
 24805 | D:13     | Noticed a five-headed hydra
 24824 | D:13     | Killed a five-headed hydra
 24841 | D:13     | Killed a centaur warrior
 24964 | D:13     | Killed a centaur warrior
 25211 | D:13     | Killed a vault guard
 25619 | Orc:1    | Entered Level 1 of the Orcish Mines
 25663 | D:10     | Learned a level 6 spell: Mass Confusion
 26456 | Orc:2    | Found Kireucop's Antique Armour Emporium.
 26615 | Orc:2    | Found Cijilama's Antique Armour Shop.
 26615 | Orc:2    | Found Laol's Jewellery Boutique.
 27004 | Orc:2    | Bought an embroidered hat for 120 gold pieces
 28277 | Orc:4    | Entered Level 4 of the Orcish Mines
 28344 | Orc:4    | Noticed rlgrobin's ghost (powerful MiFi)
 28550 | Orc:3    | Reached skill level 1 in Translocations
 29642 | Orc:4    | Reached skill level 5 in Translocations
 29876 | Orc:4    | Found a staircase to the Elven Halls.
 30031 | Orc:4    | Killed rlgrobin's ghost
 30324 | Orc:4    | Paralysed by an orc sorcerer for 3 turns
 30401 | Orc:4    | Found Grumeekh's Book Boutique.
 30404 | Orc:4    | Found Wuabamig's Book Emporium.
 30415 | Orc:4    | Found Soron's General Store.
 30418 | Orc:4    | Found Plog's Book Boutique.
 30425 | Orc:4    | Bought a scroll of identify for 26 gold pieces
 30425 | Orc:4    | Bought a potion of curing for 39 gold pieces
 30542 | Orc:4    | Bought a book of Minor Magic for 260 gold pieces
 30545 | Orc:4    | Learned a level 2 spell: Blink
 30548 | Orc:4    | Learned a level 2 spell: Repel Missiles
 30550 | Orc:4    | Bought a book of Enchantments for 650 gold pieces
 30557 | Orc:4    | Learned a level 6 spell: Haste
 30964 | Snake:1  | Entered Level 1 of the Snake Pit
 31192 | Lair:5   | Reached skill level 1 in Charms
 31616 | Snake:1  | Got a crystal broad axe
 31617 | Snake:1  | Identified the +4 broad axe "Jeevieni" {speed, rPois rN+} (You found it on level 1 of the Snake Pit)
 31700 | Snake:1  | Reached skill level 5 in Charms
 32438 | Snake:1  | Reached XP level 16. HP: 80/80 MP: 41/41
 32469 | Snake:1  | Noticed Nikola
 32494 | Snake:1  | Killed Nikola
 32671 | Snake:1  | Reached skill level 10 in Charms
 33611 | Snake:2  | Noticed Aizul
 34166 | Snake:2  | Killed Aizul
 34517 | Snake:3  | Noticed Roxanne
 34564 | Snake:3  | Reached skill level 10 in Short Blades
 34612 | Snake:3  | Found a shimmering altar of Xom.
 34852 | Snake:3  | Noticed Saint Roka
 35200 | Snake:3  | Found Weracasm's Assorted Antiques.
 35203 | Snake:3  | Bought a potion of heal wounds for 135 gold pieces
 35203 | Snake:3  | Bought a scroll of identify for 54 gold pieces
 35203 | Snake:3  | Bought a scroll of identify for 54 gold pieces
 36375 | Snake:3  | Killed Saint Roka
 36954 | Snake:4  | Noticed Azrael
 38368 | Snake:2  | Learned a level 6 spell: Deflect Missiles
 39580 | D:14     | Reached skill level 1 in Air Magic
 39708 | D:14     | Found Fyeng's Antique Armour Shop.
 39738 | D:14     | Bought an embroidered cloak for 198 gold pieces
 40787 | D:15     | Entered Level 15 of the Dungeon
 40807 | D:15     | Found a staircase to the Depths.
 40832 | D:15     | Reached XP level 17. HP: 85/87 MP: 30/41
 41081 | D:15     | Reached skill level 5 in Air Magic
 41894 | D:15     | Found Kun Thoi's Antique Weapon Emporium.
 42219 | Depths:1 | Entered Level 1 of the Depths
 42397 | D:13     | Killed a storm dragon
 42886 | Shoals:1 | Entered Level 1 of the Shoals
 43753 | Shoals:5 | Entered Level 5 of the Shoals
 43894 | Shoals:5 | Got a brightly glowing long sword
 43904 | Shoals:5 | Identified the +6 long sword of Trog's Anger {drain, -Cast rElec rN+ Dex-5 Stlth+} (You found it on level 5 of the Shoals)
 43984 | Shoals:5 | Reached skill level 1 in Evocations
 44454 | Shoals:5 | Reached skill level 5 in Evocations
 44496 | Shoals:5 | Got a barnacled rune of Zot
 46386 | Snake:4  | HP: 2/87 [naga ritualist/dagger of venom (3)]
 46705 | Snake:4  | Killed Azrael
 46713 | Snake:4  | Reached skill level 10 in Evocations
 47257 | Snake:5  | Entered Level 5 of the Snake Pit
 48061 | Snake:4  | Reached XP level 18. HP: 7/92 MP: 34/42
 48927 | Orc:4    | Bought a Young Poisoner's Handbook for 520 gold pieces
 48930 | Orc:4    | Learned a level 2 spell: Cure Poison
 48948 | Orc:4    | Bought a book of the Tempests for 910 gold pieces
 48952 | Orc:4    | Learned a level 3 spell: Regeneration
 49102 | D:10     | Noticed a centaur warrior
 49116 | D:10     | Killed a centaur warrior
 49256 | Vaults:1 | Entered Level 1 of the Vaults
 49456 | Vaults:1 | Reached skill level 1 in Poison Magic
 49632 | Vaults:1 | Found Awomuqux's General Store.
 49633 | Vaults:1 | Found Uhuoriemn's Jewellery Shoppe.
 50835 | Vaults:1 | Found Daotax's Book Shop.
 50913 | Vaults:1 | Found Bradauno's Gadget Emporium.
 51014 | Vaults:1 | Found Shifer's Armour Boutique.
 51059 | Vaults:1 | Noticed magipi's ghost (mighty DDGl)
 51184 | Vaults:1 | Killed magipi's ghost
 51344 | Vaults:1 | Bought the amulet of Temperance {rCorr rF+ Int+3} for 523 gold pieces
 51365 | Vaults:1 | Bought a scroll of teleportation for 39 gold pieces
 51365 | Vaults:1 | Bought a scroll of magic mapping for 45 gold pieces
 51911 | Vaults:2 | Reached skill level 10 in Air Magic
 51949 | Vaults:2 | Noticed Frederick
 52125 | Vaults:2 | Found Erucesos' Food Boutique.
 52130 | Vaults:2 | Bought a bread ration for 60 gold pieces
 52130 | Vaults:2 | Bought a bread ration for 60 gold pieces
 52130 | Vaults:2 | Bought a bread ration for 60 gold pieces
 52130 | Vaults:2 | Bought a royal jelly for 24 gold pieces
 52130 | Vaults:2 | Bought a royal jelly for 24 gold pieces
 52130 | Vaults:2 | Bought a fruit for 18 gold pieces
 52705 | Vaults:2 | Killed Frederick
 52943 | Vaults:2 | Noticed Jorgrun
 53175 | Vaults:2 | Learned a level 9 spell: Tornado
 53631 | Vaults:2 | Found a staircase to the Crypt.
 53778 | Vaults:2 | Noticed Mennas
 54731 | Vaults:3 | Found Hyuhalu's Jewellery Shoppe.
 55246 | Vaults:3 | Reached XP level 19. HP: 96/96 MP: 31/43
 55436 | Vaults:3 | Reached skill level 15 in Hexes
 56516 | Vaults:4 | Found Gatuleg's Magic Scroll Boutique.
 56648 | Vaults:4 | Bought a scroll of immolation for 45 gold pieces
 56648 | Vaults:4 | Bought a scroll of enchant weapon for 97 gold pieces
 56648 | Vaults:4 | Bought a scroll of amnesia for 45 gold pieces
 57126 | Vaults:5 | Entered Level 5 of the Vaults
 57147 | Vaults:5 | Noticed Margery
 57222 | Vaults:5 | Noticed Boris
 57337 | Vaults:5 | Killed Boris
 57768 | Vaults:5 | Reached skill level 15 in Air Magic
 57804 | Vaults:5 | Got a pitted rapier
 57805 | Vaults:5 | Identified the cursed +1 rapier "Phoalun" {flame, MR+ SInv} (You found it on level 5 of the Vaults)
 58040 | Vaults:5 | Noticed Jory
 58054 | Vaults:5 | Noticed an ancient lich
 58162 | Vaults:5 | Reached XP level 20. HP: 91/100 MP: 12/44
 59050 | Vaults:5 | Identified the Tome of Stones (You found it on level 5 of the Vaults)
 60870 | Vaults:5 | Got a silver rune of Zot
 61312 | Vaults:1 | Bought a wand of teleportation (7) for 693 gold pieces
 61312 | Vaults:1 | Bought a +4 rod of the swarm (10/10) for 1995 gold pieces
 62704 | D:13     | Reached skill level 5 in Summonings
 63782 | Snake:4  | Reached skill level 1 in Shields
 64653 | Snake:5  | Reached XP level 21. HP: 105/105 MP: 21/44
 65140 | Snake:5  | Reached skill level 5 in Shields
 65825 | Snake:5  | Noticed Norris
 65911 | Snake:5  | Killed Norris
 66679 | Snake:5  | Got a serpentine rune of Zot
 68000 | Depths:1 | Reached skill level 10 in Fighting
 68463 | Depths:1 | Found a gateway to Hell.
 68604 | Depths:2 | Found Aniem's Jewellery Boutique.
 68817 | Depths:2 | Bought the ring "Daosa" {rPois rF+ Int+4} for 763 gold pieces
 69346 | Depths:2 | Reached skill level 10 in Translocations
 69714 | Depths:2 | Got a heavily runed silver ring
 69716 | Depths:2 | Lost strength.
 69716 | Depths:2 | Identified the ring "Froivux" {+Fly rElec MP+9 Str-5 Dex+5} (You found it on level 2 of the Depths)
 70397 | Depths:2 | Reached XP level 22. HP: 111/111 MP: 16/45
 70961 | Depths:1 | Reached skill level 19 in Spellcasting
 72188 | Depths:3 | Found Momost's Antique Armour Boutique.
 72245 | Depths:3 | Reached skill level 20 in Spellcasting
 72315 | Depths:3 | Noticed Sapher's ghost (powerful DDGl)
 72426 | Depths:3 | Killed Sapher's ghost
 73298 | Depths:3 | Found a gateway to a ziggurat.
 73398 | Depths:3 | Found a one-way gate leading to the halls of Pandemonium.
 73724 | Depths:4 | Found Bleodine's Assorted Antiques.
 73741 | Depths:4 | Bought a potion of curing for 111 gold pieces
 74236 | Depths:4 | Found a shattered altar of Ashenzari.
 74317 | Depths:4 | Got a faintly glowing granite ring
 74319 | Depths:4 | Identified the ring "Ofudghe" {rN+ MP-9 Int+5 Dex+2} (You found it on level 4 of the Depths)
 75371 | Depths:5 | Entered Level 5 of the Depths
 75653 | Depths:5 | Reached XP level 23. HP: 115/115 MP: 40/46
 75703 | Depths:5 | Found Cliklef's Distillery.
 75706 | Depths:5 | Found a glowing golden altar of the Shining One.
 75760 | Depths:5 | Bought a potion of restore abilities for 65 gold pieces
 75760 | Depths:5 | Bought a potion of restore abilities for 65 gold pieces
 75760 | Depths:5 | Bought a potion of haste for 130 gold pieces
 75760 | Depths:5 | Bought a potion of curing for 39 gold pieces
 75760 | Depths:5 | Bought 2 potions of curing for 78 gold pieces
 75760 | Depths:5 | Bought a potion of curing for 39 gold pieces
 75760 | Depths:5 | Bought a potion of agility for 52 gold pieces
 76581 | Depths:5 | Found a gate to the Realm of Zot.
 76800 | Zot:1    | Entered Level 1 of the Realm of Zot
 78318 | Depths:5 | Reached skill level 21 in Air Magic
 79642 | Depths:4 | Found a one-way gate to the infinite horrors of the Abyss.
 79666 | Depths:4 | Voluntarily entered the Abyss.
 79830 | Abyss:2  | Found an iron altar of Okawaru.
 79834 | Abyss:2  | Gained mutation: You have large cloven feet. [potion of beneficial mutation]
 80662 | Abyss:3  | Got an abyssal rune of Zot
 81112 | Depths:4 | Escaped the Abyss
 81815 | Zot:2    | Bought a scroll of teleportation for 39 gold pieces
 81815 | Zot:2    | Bought a scroll of teleportation for 39 gold pieces
 81815 | Zot:2    | Bought 2 scrolls of teleportation for 78 gold pieces
 81815 | Zot:2    | Bought a scroll of enchant armour for 97 gold pieces
 81815 | Zot:2    | Bought a scroll of acquirement for 676 gold pieces
 81815 | Zot:2    | Bought a scroll of identify for 26 gold pieces
 81815 | Zot:2    | Bought a scroll of identify for 26 gold pieces
 83104 | Zot:3    | Reached skill level 22 in Air Magic
 83228 | Zot:3    | Reached XP level 24. HP: 120/120 MP: 35/47
 83381 | Zot:3    | Noticed an orb of fire
 83382 | Zot:3    | Gained mutation: You are clumsy. (Dex -2) [an orb of fire]
 83603 | Zot:3    | Gained mutation: You heal slowly when monsters are visible. [an orb of fire]
 83622 | Zot:3    | Gained mutation: Your spells are a little easier to cast, but a little less powerful. [an orb of fire]
 83630 | Zot:3    | Lost mutation: You have large cloven feet. [potion of cure mutation]
 83630 | Zot:3    | Lost mutation: You are clumsy. (Dex -2) [potion of cure mutation]
 83630 | Zot:3    | Lost mutation: Your spells are a little easier to cast, but a little less powerful. [potion of cure mutation]
 83631 | Zot:3    | Lost mutation: You heal slowly when monsters are visible. [potion of cure mutation]
 84476 | Zot:5    | Entered Level 5 of the Realm of Zot
 84549 | Zot:5    | Noticed an ancient lich
 84549 | Zot:5    | Noticed an orb of fire
 84550 | Zot:5    | Gained mutation: You tend to lose your temper in combat. [an orb of fire]
 84551 | Zot:5    | Noticed an orb of fire
 84551 | Zot:5    | Gained mutation: You are partially covered in rough black scales (AC +4, Dex -1). [an orb of fire]
 84571 | Zot:5    | Noticed an ancient lich
 84605 | Zot:5    | Noticed an orb of fire
 84605 | Zot:5    | Noticed an orb of fire
 84605 | Zot:5    | Noticed an orb of fire
 85250 | Zot:5    | HP: 6/120 [deathcap/drain life[a curse toe] (12)]
 85526 | Zot:5    | HP: 5/120 [Orb Guardian (59)]
 85526 | Zot:5    | Demolished by an Orb Guardian

Action                   |  1- 3 |  4- 6 |  7- 9 | 10-12 | 13-15 | 16-18 | 19-21 | 22-24 || total
-------------------------+-------+-------+-------+-------+-------+-------+-------+-------++-------
Melee: Dagger            |   171 |   147 |   349 |   646 |  2494 |     3 |       |       ||  3810
       Rapier            |       |       |       |       |       |  1895 |  2258 |  1897 ||  6050
       Unarmed           |       |       |       |       |       |       |       |   118 ||   118
Throw: Stone             |       |       |       |       |       |    37 |    31 |    13 ||    81
 Cast: Ensorcelled Hiber |     7 |    47 |    37 |     8 |    16 |       |       |       ||   115
       Confuse           |       |       |    42 |   171 |   465 |   364 |   248 |   213 ||  1503
       Cause Fear        |       |       |       |       |     9 |       |       |       ||     9
       Summon Mana Viper |       |       |       |       |     6 |   142 |   191 |   151 ||   490
       Mass Confusion    |       |       |       |       |     6 |     1 |       |       ||     7
       Phase Shift       |       |       |       |       |     2 |     2 |     8 |    13 ||    25
       Repel Missiles    |       |       |       |       |     2 |     1 |       |       ||     3
       Blink             |       |       |       |       |     2 |     1 |     3 |     5 ||    11
       Abjuration        |       |       |       |       |       |     5 |     1 |     2 ||     8
       Deflect Missiles  |       |       |       |       |       |     5 |     2 |     1 ||     8
       Haste             |       |       |       |       |       |     3 |     8 |     8 ||    19
       Invisibility      |       |       |       |       |       |     1 |       |       ||     1
       Regeneration      |       |       |       |       |       |     4 |    53 |    54 ||   111
       Cure Poison       |       |       |       |       |       |       |     5 |     7 ||    12
       Tornado           |       |       |       |       |       |       |       |     1 ||     1
Invok: Call Merchant     |       |       |       |     1 |     5 |     1 |     2 |     2 ||    11
 Abil: Evoke Flight      |       |       |     1 |       |     2 |     7 |       |     4 ||    14
       Evoke Teleport Co |       |       |       |       |     1 |     2 |       |       ||     3
       Evoke Invisibilit |       |       |       |       |       |     3 |     1 |       ||     4
Evoke: Wand              |       |       |       |       |     2 |     2 |    23 |    23 ||    50
  Use: Scroll            |     1 |    10 |     5 |    14 |    19 |    21 |    21 |    14 ||   105
       Potion            |       |     1 |       |       |     3 |     7 |     2 |    13 ||    26
 Stab: Sleeping          |    11 |    31 |    36 |    50 |    75 |    53 |    37 |    55 ||   348
       Confused          |       |       |    33 |   123 |   331 |   221 |   163 |   182 ||  1053
       Distracted        |       |       |     1 |     3 |    13 |    28 |    39 |    32 ||   116
       Invisible         |       |       |       |       |    19 |    16 |     3 |       ||    38
       Fleeing           |       |       |       |       |     1 |       |       |       ||     1
  Eat: Bread ration      |     1 |       |       |       |       |       |     1 |     5 ||     7
       Fruit             |       |       |       |     9 |    13 |     4 |     3 |     1 ||    30
       Pizza             |       |       |       |     2 |       |       |       |       ||     2
       Royal jelly       |       |       |       |     1 |     4 |    13 |     9 |       ||    27
